 Dungeon Crawl Stone Soup version 0.28-a0-1510-gd0f6b136d3 (webtiles) character file.

Game seed: 5046068637343438051

85 Minion the Slasher (level 4, 0/39 HPs)
             Began as a Minotaur Fighter on Jan 15, 2022.
             Slain by a goblin (3 damage)
             ... led by Robin
             ... on level 2 of the Dungeon.
             The game lasted 00:02:03 (1547 turns).

Minion the Slasher (Minotaur Fighter)               Turns: 1547, Time: 00:02:04

Health: 0/39       AC:  6    Str: 23    XL:     4   Next: 25%
Magic:  3/3        EV:  9    Int:  5    God:
Gold:   68         SH:  0    Dex:  9    Spells: 3/3 levels left

rFire   . . .      SeeInvis .   a - +0 long sword
rCold   . . .      Faith    .   (no shield)
rNeg    . . .      Spirit   .   b - +0 scale mail
rPois   .          Reflect  .   (helmet restricted)
rElec   .          Harm     .   (no cloak)
rCorr   .          Rampage  .   (no gloves)
Will    .....                   (no boots)
Stlth   ..........              (no amulet)
HPRegen 0.13/turn               (no ring)
MPRegen 0.08/turn               (no ring)

@: no status effects
A: horns 2, retaliatory headbutt
a: no special abilities


You were on level 2 of the Dungeon.
You visited 1 branch of the dungeon, and saw 2 of its levels.

You collected 68 gold pieces.

Inventory:

Hand Weapons
 a - a +0 long sword (weapon)
Armour
 b - a +0 scale mail (worn)
Jewellery
 k - an amulet of magic regeneration
Scrolls
 f - 3 scrolls of teleportation {unknown}
 g - a scroll of vulnerability {unknown}
 i - a scroll of immolation {unknown}
 j - a scroll of identify {unknown}
Potions
 c - a potion of mutation {unknown}
 d - a potion of might
 e - a potion of cancellation {unknown}
 h - a potion of flight {unknown}


   Skills:
 - Level 3.6 Fighting
 + Level 5.5 Long Blades
 - Level 3.6 Armour
 - Level 3.6 Shields


You had 3 spell levels left.
You didn't know any spells.
Your spell library contained the following spells:

 Spells                   Type           Power      Damage    Failure   Level
 Animate Skeleton         Necr           0%         N/A       78%         1
 Pain                     Necr           0%         1d4       78%         1
 Vampiric Draining        Necr           0%         2d6       98%         3


Dungeon Overview and Level Annotations

Branches:
Dungeon (2/15)

Altars:
Hepliaklqana

Annotations:
D:2 Robin


Innate Abilities, Weirdness & Mutations

You have a pair of horns on your head.
You reflexively headbutt those who attack you in melee.


Message History

The goblin hits you with a +0 club.
* * * LOW HITPOINT WARNING * * *
The goblin closely misses you.
Items here: $ )) †††.
The goblin hits you but does no damage.
Found a scroll labelled ANGUEBRAMEI.
The goblin hits you but does no damage.
Robin says, "My goblins will feast on your bones."
Robin throws the goblin at you! The goblin barely misses you.
You miss the goblin. You headbutt the goblin.
The goblin is moderately wounded.
The goblin no longer looks unusually strong. x2
The goblin hits you with a +0 dagger.
* * * LOW HITPOINT WARNING * * *
The goblin barely misses you. You furiously retaliate!
You headbutt the goblin.
You kill the goblin!
You slash the goblin!
You kill the goblin!
Robin roars a battlecry!
The goblins go into a battle-frenzy!
Items here: ( )) †.
Found 8 gold pieces and a small jade amulet.
Robin throws the goblin at you! The goblin hits you with a +0 club.
* * * LOW HITPOINT WARNING * * *
Robin throws the goblin at you!
* * * LOW HITPOINT WARNING * * *
The goblin hits you but does no damage.
You see here 8 gold pieces.
You see here an amulet of magic regeneration.
k - an amulet of magic regeneration The goblin no longer looks unusually strong.
The goblin hits you but does no damage.
Robin roars a battlecry!
The goblin goes into a battle-frenzy!
The goblin closely misses you. You furiously retaliate!
You headbutt the goblin. You slash the goblin!
You kill the goblin!
The goblin hits you with a +0 dagger.
You die...

###########.)..#
#?..).).g.$..#####
##.#######)#......
#.# g..#...... #g#
#.#.#...... #.#
#.#.#...... #
#.#####.#.#.####.
###.##g......#.#.#
##
#....@g........#<#
# ##..##########
#.# # #.. ... ##
#.. #.( #.. #..
###.. #....


You could see Robin and 2 goblins.

Vanquished Creatures
  3 adders (D:2)
  A worm (D:2)
  3 dart slugs
  5 bats
  2 endoplasms
  11 goblins
  6 hobgoblins
  3 jackals (D:1)
  A ball python (D:1)
  3 frilled lizards
  5 kobolds
  6 rats
49 creatures vanquished.

Notes
Turn   | Place    | Note
-------+----------+-------------------------------------------
     0 | D:1      | Minion the Minotaur Fighter began the quest for the Orb.
     0 | D:1      | Reached XP level 1. HP: 19/19 MP: 0/0
    83 | D:1      | Reached skill level 3 in Long Blades
   165 | D:1      | Reached XP level 2. HP: 19/26 MP: 1/1
   422 | D:1      | Reached skill level 4 in Long Blades
   447 | D:1      | Found a faded altar of an unknown god.
   783 | D:1      | Reached XP level 3. HP: 31/31 MP: 2/2
   983 | D:2      | Found a hazy altar of Hepliaklqana.
  1216 | D:2      | Reached skill level 5 in Long Blades
  1472 | D:2      | Reached XP level 4. HP: 39/39 MP: 3/3
  1509 | D:2      | Noticed Robin
  1547 | D:2      | Slain by a goblin

Illustrated notes

Levels and vault maps discovered:
D:1:      lightli_arrival_statue_moat, layout_loops_ring, basic_ecumenical_altar
D:2:      layout_basic, basic_altar, uniq_robin

Skill      XL: |  1  2  3 |
---------------+----------+-----
Long Blades    | 3 4 5 |  5.5
Fighting       | |  3.6
Armour         | |  3.6
Shields        | |  3.6

Action                   |  1- 3 |  4- 6 || total
-------------------------+-------+-------++-------
Melee: Long sword        |    81 |    24 ||   105
       Headbutt          |     6 |     2 ||     8
Armor: Scale mail        |    34 |    23 ||    57
Dodge: Dodged            |    42 |    15 ||    57

Table legend: (Time is in decaauts)
 A = Elapsed time spent in this place.
 B = Non-inter-level travel time spent in this place.
 C = Inter-level travel time spent in this place.
 D = Time resting spent in this place.
 E = Time spent auto-exploring this place.
 F = Levels seen in this place.
 G = Mean time per level.
                   A        B        C        D        E       F      G
               +--------+--------+--------+--------+--------+-----+--------+
         Total |   1566 |   1537 |     29 |    156 |   1129 |   2 |  783.0 |
       Dungeon |   1566 |   1537 |     29 |    156 |   1129 |   2 |  783.0 |
               +--------+--------+--------+--------+--------+-----+--------+

Top non-repeatable levels by time:
     D:1: 962 daAuts
     D:2: 603 daAuts
